Map: Triton LE

Players

Elazer - Winner!

  • Race: Zerg Zerg
  • Spawn Location: 5:00

Namshar

  • Race: Zerg Zerg
  • Spawn Location: 11:00

VOD

Have the link to the VOD?

Description

Time

  • Played on: Sept. 6, 2019, 6:17 p.m.
  • Length: 12:16
Show
View Real Time Build Order
Export as new Build Order

Elazer Zerg - Winner!

Build Orders: Hatch First 

Get SALT Encoding   

  12  0:00  Drone  
  13  0:12  Overlord  
  13  0:16  Drone  
  14  0:31  Drone x2  
  16  0:48  Hatchery  
  15  0:50  Drone  
  15  0:54  Drone  
  17  0:57  Drone  
  18  1:07  Extractor  
  17  1:12  Spawning Pool  
  17  1:16  Drone  
  17  1:19  Drone  
  18  1:28  Drone  
  19  1:38  Drone  
  20  1:49  Drone  
  21  1:59  Overlord  
  21  2:00  Queen x2  
  26  2:01  Drone  
  26  2:10  Metabolic Boost  
  26  2:11  Drone  
  26  2:12  Zergling x2  
  28  2:21  Drone  
  28  2:22  Drone  
  30  2:33  Hatchery  
  30  2:34  Drone  
  30  2:36  Drone  
  31  2:43  Drone x2  
  33  2:46  Baneling Nest  
  32  2:53  Overlord  
  32  2:54  Drone  
  33  3:05  Drone x2  
  35  3:07  Overlord  
  35  3:09  Zergling x2  
  35  3:11  Zergling x6  
  39  3:13  Zergling x2  
  39  3:19  Zergling x2  
  41  3:21  Queen  
  41  3:26  Drone  
  44  3:30  Baneling x2  
  44  3:31  Drone x2  
  46  3:39  Drone x2  
  46  3:41  Drone x4  
  52  3:45  Overlord  
  52  3:49  Drone x2  
  52  3:53  Overlord  
  53  3:56  Drone x2  
  53  4:01  Lair  
  55  4:03  Drone  
  55  4:06  Drone, Extractor  
  55  4:08  Drone  
  57  4:13  Evolution Chamber, Drone x2  
  57  4:14  Extractor  
  57  4:15  Drone  
  57  4:16  Drone  
  59  4:22  Drone x3  
  62  4:30  Roach Warren  
  61  4:31  Drone x5  
  67  4:38  Drone  
  67  4:42  Drone x2  
  67  4:43  Extractor  
  67  4:44  Overlord  
  68  4:45  Overlord  
  68  4:46  Extractor  
  68  4:50  Overlord  
  68  4:52  Extractor  
  66  4:56  Overlord, Zerg Missile Weapons Level 1  
  66  4:57  Overlord  
  66  5:10  Roach x8  
  66  5:11  Glial Reconstitution  
  82  5:17  Roach  
  82  5:18  Roach x2  
  82  5:20  Overlord  
  88  5:24  Roach  
  88  5:25  Roach  
  96  5:28  Roach x2  
  96  5:31  Roach  
  96  5:34  Roach x2  
  101  5:42  Roach x4  
  109  5:49  Nydus Network  
  108  5:51  Roach x2  
  112  5:59  Roach x2  
  112  6:00  Roach x2  
  112  6:04  Roach  
  122  6:06  Overlord x2  
  119  6:25  Nydus Canal  
  119  6:27  Overseer  
  119  6:28  Roach x4  
  119  6:29  Roach  
  129  6:42  Nydus Canal  
  124  6:54  Roach x2  
  124  6:56  Nydus Canal  
  124  6:57  Roach  
  120  7:01  Queen x3  
  120  7:02  Overlord  
  120  7:05  Roach x7  
  122  7:10  Roach x3  
  122  7:11  Nydus Canal  
  121  7:25  Nydus Canal  
  121  7:26  Drone x6  
  117  7:37  Drone x2  
  117  7:41  Drone x4  
  123  7:47  Queen x3  
  129  7:54  Tunneling Claws  
  129  7:55  Zerg Missile Weapons Level 2  
  129  7:56  Drone  
  129  7:58  Drone x2  
  128  8:00  Nydus Canal  
  128  8:02  Roach x5  
  124  8:17  Spore Crawler  
  124  8:18  Spore Crawler x2  
  124  8:19  Spore Crawler  
  120  8:20  Spore Crawler  
  120  8:21  Spore Crawler  
  120  8:22  Queen  
  120  8:23  Spore Crawler, Queen, Burrow  
  121  8:28  Nydus Canal  
  121  8:29  Spore Crawler x2  
  113  8:38  Roach x3  
  103  8:46  Spore Crawler  
  103  8:47  Drone x4  
  103  8:48  Spore Crawler  
  99  8:56  Spore Crawler x2  
  99  8:58  Queen x2  
  99  9:01  Nydus Canal  
  101  9:04  Overseer  
  101  9:09  Hydralisk Den  
  100  9:13  Roach x3  
  100  9:14  Roach x4  
  100  9:15  Spore Crawler  
  114  9:17  Spore Crawler  
  113  9:28  Roach x5  
  113  9:30  Overlord x3  
  113  9:34  Overlord, Queen x2  
  111  9:39  Overlord  
  111  9:40  Hydralisk  
  111  9:44  Drone  
  114  9:49  Hydralisk x5  
  118  9:55  Infestation Pit  
  118  9:57  Spore Crawler  
  118  9:58  Drone x2  
  118  9:59  Spore Crawler  
  113  10:00  Hydralisk  
  113  10:05  Hydralisk x2  
  119  10:08  Muscular Augments  
  119  10:11  Drone x3, Zerg Ground Armor Level 1  
  120  10:29  Hydralisk x7  
  128  10:46  Roach  
  128  10:48  Drone x3  
  129  10:50  Spore Crawler x2, Infestor x3  
  129  10:55  Hydralisk x2  
  129  10:56  Lurker Den, Roach  
  136  11:03  Roach  
  134  11:15  Roach  
  134  11:21  Roach x3  
  138  11:27  Overlord x2  
  138  11:36  Roach  
  138  11:42  Overlord x2  
  140  11:47  Roach x7  
  140  11:52  Roach x2  
  152  12:06  Hatchery  
Show
View Real Time Build Order
Export as new Build Order

Namshar Zerg 

Build Orders: Hatch First 

Get SALT Encoding   

  12  0:00  Drone  
  13  0:12  Overlord  
  13  0:16  Drone  
  14  0:30  Drone x2  
  16  0:47  Hatchery  
  15  0:51  Drone  
  15  0:55  Drone  
  17  0:58  Drone  
  18  1:09  Extractor  
  17  1:13  Spawning Pool  
  17  1:16  Drone  
  17  1:19  Drone  
  18  1:28  Drone  
  19  1:38  Drone  
  20  1:49  Drone  
  21  1:59  Queen  
  21  2:00  Overlord, Drone, Queen  
  26  2:08  Metabolic Boost  
  26  2:10  Drone  
  26  2:11  Drone  
  28  2:20  Drone  
  28  2:21  Drone  
  30  2:31  Drone  
  30  2:32  Drone  
  30  2:35  Hatchery  
  31  2:42  Drone  
  32  2:46  Baneling Nest  
  32  2:48  Overlord  
  31  2:53  Zergling x2  
  31  2:54  Zergling x2  
  33  3:04  Drone  
  34  3:08  Drone x3  
  34  3:10  Queen  
  39  3:13  Zergling x4  
  39  3:15  Overlord  
  39  3:18  Zergling x2  
  42  3:28  Drone  
  42  3:29  Overlord  
  42  3:30  Baneling x2  
  42  3:34  Zergling x4  
  45  3:38  Zergling x2, Baneling  
  46  3:43  Baneling  
  46  3:45  Zergling x4  
  47  3:50  Drone x5  
  52  3:57  Extractor  
  52  3:58  Extractor  
  52  4:00  Evolution Chamber  
  49  4:03  Lair, Drone x2  
  49  4:06  Drone x3  
  54  4:11  Drone  
  54  4:16  Roach Warren  
  54  4:17  Drone x2  
  54  4:21  Extractor  
  54  4:23  Drone x3  
  58  4:28  Zerg Melee Weapons Level 1  
  58  4:30  Drone x2  
  59  4:35  Overlord, Drone  
  59  4:39  Drone  
  59  4:40  Drone  
  59  4:42  Drone x2  
  59  4:43  Drone  
  64  4:47  Overlord  
  64  4:49  Drone  
  65  4:54  Drone x4  
  69  5:00  Drone  
  69  5:01  Drone x3  
  69  5:03  Extractor  
  72  5:08  Spire, Drone  
  72  5:11  Drone  
  72  5:12  Drone  
  74  5:16  Drone  
  74  5:18  Extractor  
  74  5:19  Overlord  
  73  5:23  Overlord  
  73  5:25  Zergling x10  
  78  5:29  Zergling x6  
  79  5:36  Zergling x4  
  79  5:37  Overlord x2  
  81  5:55  Hatchery  
  80  5:57  Overlord  
  80  5:58  Overlord  
  79  6:19  Mutalisk x11  
  98  6:26  Mutalisk  
  98  6:27  Mutalisk  
  98  6:29  Zergling x10  
  107  6:33  Mutalisk  
  107  6:35  Zergling x2  
  106  6:41  Mutalisk  
  106  6:43  Zergling x16  
  110  6:48  Zergling x4  
  110  6:54  Mutalisk  
  95  7:00  Mutalisk  
  89  7:06  Drone x3  
  83  7:13  Drone x2  
  75  7:26  Mutalisk x2  
  78  7:35  Mutalisk  
  80  7:43  Mutalisk  
  80  7:45  Zergling x6  
  80  7:50  Mutalisk  
  67  8:22  Drone x3  
  67  8:24  Mutalisk  
  67  8:27  Zergling x4  
  72  8:39  Drone x2  
  74  8:52  Mutalisk  
  74  8:54  Drone  
  77  8:58  Queen  
  79  9:03  Mutalisk  
  81  9:11  Drone  
  82  9:17  Mutalisk  
  82  9:22  Drone x3  
  87  9:24  Queen  
  87  9:30  Overseer  
  87  9:37  Zergling x4  
  89  9:49  Mutalisk  
  89  9:51  Drone x3  
  91  10:02  Overseer  
  91  10:07  Zergling x2  
  91  10:08  Zergling x2  
  93  10:15  Mutalisk  
  93  10:16  Mutalisk  
  93  10:18  Zergling x2  
  93  10:19  Zergling x4  
  99  10:26  Mutalisk  
  95  10:39  Mutalisk  
  95  10:45  Zergling x12  
  91  10:51  Mutalisk  
  91  10:56  Drone x2  
  95  11:02  Mutalisk  
  93  11:13  Mutalisk  
  93  11:18  Drone  
  93  11:19  Drone x3  
  96  11:34  Drone, Overseer  
  96  11:35  Drone  
  97  11:41  Mutalisk x3  
  103  11:49  Overlord, Drone  
Tags
 
Add a new tag
Caveats
  • Supply blocks, unpowered buildings, or Contaminate may cause inaccurate times.
  • Supply counts are checked every 10 seconds.